 Dungeon Crawl Stone Soup version 0.21.1-1-g345015fe64 (webtiles) character file.

100 szrapnel the Conjurer (level 5, -1/41 HPs)
             Began as a Human Conjurer on May 8, 2018.
             Was an Initiate of Sif Muna.
             Killed from afar by an orc wizard (4 damage)
             ... with a magic dart
             ... on level 2 of the Dungeon.
             The game lasted 00:11:57 (1638 turns).

szrapnel the Conjurer (Human Conjurer)              Turns: 1638, Time: 00:11:58

Health: -1/41      AC:  2    Str: 14    XL:     5   Next: 3%
Magic:  1/8        EV: 12    Int: 16    God:    Sif Muna [......]
Gold:   67         SH:  0    Dex: 13    Spells: 5/8 levels left

rFire    . . .     SeeInvis .   e - +0 dagger
rCold    . . .     Gourm    .   (no shield)
rNeg     . . .     Faith    .   a - +0 robe
rPois    .         Spirit   .   (no helmet)
rElec    .         Reflect  .   (no cloak)
rCorr    .         Harm     .   (no gloves)
MR       .....                  (no boots)
Stlth    ++........             (no amulet)
HPRegen  0.13/turn              (no ring)
MPRegen  0.11/turn              (no ring)

@: mighty, flying, very slightly contaminated, slowed, very slow
A: no striking features
a: Renounce Religion


You were on level 2 of the Dungeon.
You worshipped Sif Muna.
Sif Muna was noncommittal.
You were hungry.

You visited 1 branch of the dungeon, and saw 2 of its levels.

You collected 67 gold pieces.

Inventory:

Hand Weapons
 e - a +0 dagger (weapon)
Armour
 a - a +0 robe (worn)
 g - a +0 ring mail
 n - a +0 ring mail
Scrolls
 d - 2 scrolls of random uselessness {unknown}
 f - a scroll of enchant armour {unknown}
 h - 3 scrolls of identify {unknown}
 i - 3 scrolls of blinking {unknown}
Potions
 j - a potion of flight
 k - a potion of might
 l - a potion of mutation {unknown}
 o - a potion of curing {unknown}
 p - a potion of lignification {unknown}
Books
 b - a book of Conjurations

   Spells                             Type                      Level
   a - Magic Dart                     Conjuration                  1
   b - Searing Ray                    Conjuration                  2
   c - Dazzling Spray                 Conjuration/Hexes            3
   d - Fulminant Prism                Conjuration/Hexes            4
   e - Force Lance                    Conjuration/Translocation    4
   f - Iskenderun's Mystic Blast      Conjuration                  4
Comestibles
 c - 3 rations


   Skills:
 * Level 3.5 Fighting
 - Level 2.0 Dodging
 - Level 2.0 Stealth
 - Level 2.0 Spellcasting
 - Level 4.5 Conjurations


You had 5 spell levels left.
You knew the following spells:

 Your Spells              Type           Power        Failure   Level  Hunger
a - Magic Dart            Conj           ###.         3%          1    #......
b - Searing Ray           Conj           ###...       4%          2    ###....


Dungeon Overview and Level Annotations

Branches:
Dungeon (2/15)

Altars:
Sif Muna


Message History

It was a potion of might.
You feel very mighty all of a sudden. The orc wizard misses you. x2
You barely miss the orc wizard.
The orc wizard is heavily wounded.
The orc wizard hits you with a dagger.
* * * LOW HITPOINT WARNING * * *
The orc wizard gestures at you while chanting.
The magic dart hits you!
* * * LOW HITPOINT WARNING * * *
It was a potion of flight.
You feel very buoyant.
You fly up into the air.
The orc wizard gestures wildly while chanting.
The orc wizard blinks!
The orc wizard casts a spell at you. You resist with some effort.
The orc wizard casts a spell at you. The magic dart hits you!
You die...

#....#####.#.###.#.#.##......#
#........#.#.# #.....##......#
#....###.....# #.....##......#
#...[# ###.#####......#.##...#
#....###.#.. [......#.#.##...#
#....÷...###........#.#.##...#
#....###.# #.####............#
.........# #...###).#...##...#
#######..#
###..@§>.#.#.##.#####
#........#
#o...#.....#.##.....#
#.#####.##
#.##.##.#....######.#
#.#####.# # #....#.#########.#
#.....#.# ######.#.......#.#
..###.#.# #.###.##.###.##.#
......#.. #.....##.# #....#
..#####.. #........# ######
### ## ##########


You could see an orc wizard.

Vanquished Creatures
  An orc priest (D:2)
  Jessica (D:2)
  An adder (D:2)
  A ball python (D:1)
  A giant cockroach (D:1)
  2 goblins (D:1)
  7 hobgoblins (D:1)
  6 jackals
  2 bats (D:1)
  2 frilled lizards (D:1)
  6 kobolds
  2 rats (D:1)
32 creatures vanquished.

Vanquished Creatures (others)
  7 toadstools (D:2)
7 creatures vanquished.

Grand Total: 39 creatures vanquished

Notes
Turn   | Place    | Note
-------+----------+-------------------------------------------
     0 | D:1      | szrapnel the Human Conjurer began the quest for the Orb.
     0 | D:1      | Reached XP level 1. HP: 13/13 MP: 3/3
   114 | D:1      | Reached XP level 2. HP: 8/19 MP: 1/5
   490 | D:1      | Reached skill level 1 in Fighting
   490 | D:1      | Reached XP level 3. HP: 13/26 MP: 1/6
  1003 | D:2      | Noticed Jessica
  1005 | D:2      | Killed Jessica
  1005 | D:2      | Reached XP level 4. HP: 34/34 MP: 4/7
  1203 | D:2      | Learned a level 2 spell: Searing Ray
  1535 | D:2      | Found a deep blue altar of Sif Muna.
  1539 | D:2      | Became a worshipper of Sif Muna the Loreminder
  1619 | D:2      | Reached XP level 5. HP: 41/41 MP: 2/8
  1638 | D:2      | Killed from afar by an orc wizard

Skill      XL: |  1  2  3  4 |
---------------+-------------+-----
Fighting       | 1 2 3 |  3.5
Dodging        | |  2.0
Stealth        | |  2.0
Spellcasting   | |  2.0
Conjurations   | |  4.5

Action                   |  1- 3 |  4- 6 || total
-------------------------+-------+-------++-------
Melee: Dagger            |    43 |    31 ||    74
       Unarmed           |    12 |       ||    12
 Cast: Magic Dart        |    46 |    18 ||    64
       Searing Ray       |       |     2 ||     2
  Use: Potion            |       |     2 ||     2
  Eat: Chunk             |     1 |     2 ||     3
Armor: Robe              |    14 |     6 ||    20
Dodge: Dodged            |    43 |    27 ||    70
